 Dungeon Crawl Stone Soup version 0.26.1-11-gd32895ea62 (webtiles) character file.

Game seed: 13543511686880870774

10606 Zeld the Cruncher (level 11, -11/64 HPs)
             Began as an Octopode Gladiator on May 18, 2021.
             Was a Priest of Wu Jian.
             Mangled by a cyan ugly thing (17 damage)
             ... on level 10 of the Dungeon.
             The game lasted 00:29:14 (21826 turns).

Zeld the Cruncher (Octopode Gladiator)             Turns: 21826, Time: 00:29:14

Health: -11/64     AC:  3    Str: 14    XL:     11   Next: 64%
Magic:  11/11      EV: 14    Int: 10    God:    Wu Jian [***...]
Gold:   263        SH:  5    Dex: 17    Spells: 10/10 levels left

rFire    . . .     SeeInvis .   a - +3 quarterstaff
rCold    . . .     Faith    .   (shield currently unavailable)
rNeg     . . .     Spirit   .   b - +2 hat
rPois    .         Reflect  +   w - amulet of reflection
rElec    .         Harm     .   (no ring)
rCorr    .         Rampage  .   (no ring)
Will     .....                  (no ring)
Stlth    +++.......             (no ring)
HPRegen  0.20/turn              (no ring)
MPRegen  0.12/turn              (no ring)
                                (no ring)
                                (no ring)

@: about to teleport
A: almost no armour, stealthy swim, amphibious, 8 rings, constrict 8, camouflage
1, gelatinous body 1
a: Renounce Religion, Wall Jump, Serpent's Lash


You were on level 10 of the Dungeon.
You worshipped Wu Jian.
Wu Jian was most pleased with you.
You visited 2 branches of the dungeon, and saw 12 of its levels.

You collected 659 gold pieces.
You spent 396 gold pieces at shops.

Inventory:

Hand Weapons
 a - a +3 quarterstaff (weapon)
 x - a +0 quarterstaff
 y - a +0 quarterstaff
Missiles
 c - 2 throwing nets
 d - 8 javelins
 r - 5 poisoned darts (quivered)
 z - 27 boomerangs
Armour
 b - a +2 hat (worn)
Jewellery
 w - an amulet of reflection (around mantle)
Wands
 h - a wand of paralysis (6)
 j - a wand of enslavement (9)
 p - a wand of flame (18)
 u - a wand of iceblast (3)
Scrolls
 e - 7 scrolls of teleportation
 f - 7 scrolls of remove curse
 k - 6 scrolls of enchant armour
 n - 6 scrolls of amnesia
 t - 2 scrolls of magic mapping
 A - a scroll of identify
Potions
 i - 2 potions of lignification {unknown}
 l - 3 potions of magic {unknown}
 m - 2 potions of flight {unknown}
 o - a potion of invisibility {unknown}
 q - a potion of brilliance {unknown}
 s - 4 potions of haste {unknown}
 B - 2 potions of curing
Miscellaneous
 g - a box of beasts (inert)


   Skills:
 - Level 2.0 Fighting
 * Level 12.8 Staves
 * Level 12.6 Throwing
 - Level 3.0 Dodging


You had 10 spell levels left.
You didn't know any spells.
Your spell library contained the following spells:

 Spells                   Type           Power        Failure   Level
 Corona                   Hex            0%           36%         1
 Ensorcelled Hibernation  Hex/Ice        0%           50%         2
 Confusing Touch          Hex            0%           75%         3
 Dazzling Flash           Conj/Hex       0%           75%         3
 Tukima's Dance           Hex            0%           75%         3


Dungeon Overview and Level Annotations

Branches:
Dungeon (11/15)            Temple (1/1) D:7            Lair (0/6) D:10
    Orc (0/2) D:10

Altars:
Ashenzari
Cheibriados
Dithmenos
Elyvilon
Fedhas
Gozag
Hepliaklqana
Kikubaaqudgha
Makhleb
Nemelex Xobeh
Okawaru
Qazlal
Ru
Sif Muna
Trog
Uskayaw
Vehumet
Wu Jian
Xom
Yredelemnul
Zin
The Shining One

Shops:
D:7 *


Innate Abilities, Weirdness & Mutations

You cannot wear most types of armour.
You are very stealthy in the water. (Stealth+)
You are amphibious.
You can wear up to eight rings at the same time.
You can use your tentacles to constrict eight enemies at once.
Your skin changes colour to match your surroundings (Stealth+).
Your rubbery body absorbs attacks. (AC +1, EV +1)


Message History

The green ugly thing gurgles horribly!
The cyan ugly thing stings you. The cyan ugly thing shocks you!
You climb upwards.
There is a stone staircase leading down here.
As you read the scroll of fear, it crumbles to dust.
You assume a fearsome visage.
The cyan ugly thing easily resists.
The cyan ugly thing stings you. The cyan ugly thing shocks you!
As you read the scroll of teleportation, it crumbles to dust.
You feel strangely unstable. The cyan ugly thing stings you!
The cyan ugly thing shocks you!
* * * LOW HITPOINT WARNING * * *
You spin and attack the cyan ugly thing.
You hit the cyan ugly thing but do no damage.
Your grab misses the cyan ugly thing.
Your squeeze misses the cyan ugly thing.
The cyan ugly thing is moderately wounded.
The cyan ugly thing stings you.
* * * LOW HITPOINT WARNING * * *
The cyan ugly thing shocks you!
You die...

#############################
..........'.................#
.....[..[.#.................#
######..###.###....##..##.(.#
######..#######....##..##+#.#
.............#>.........#...#
.............#..........'...#
######..##'###.>u..##..##...#
######..##..####@####..##...#
.....#......#.......#......##
.....#......#.......#..##'##
.....#......#.......#..##..##
######..##..##......#.......#
##..##..###'##.....##.......#
........#...#########......##
........#...#.......#..##..#
........#...#.......'..#####


You could see a cyan ugly thing (extremely poisoned).

Vanquished Creatures
  3 two-headed ogres
  Joseph (D:9)
  A yaktaur (shapeshifter) (D:11)
  2 hornets
  2 trolls (D:10)
  Prince Ribbit (D:8)
  A shadow (D:10)
  A wyvern (D:9)
  6 yaks (D:11)
  Grum (D:8)
  A two-headed ogre zombie (D:10)
  2 black bears (D:9)
  2 orc warriors
  2 phantoms (D:10)
  2 sky beasts
  A necrophage (D:6)
  3 eyes of draining (D:9)
  4 wolves (D:8)
  5 ogres
  8 centaurs
  A big kobold (D:10)
  3 bullfrogs
  3 troll zombies (D:10)
  2 scorpions
  3 wights
  5 howler monkeys
  5 electric eels
  3 jellies
  A centaur zombie (D:10)
  A crimson imp (D:9)
  4 hounds
  A centaur skeleton (D:7)
  A quasit (D:8)
  6 orc priests
  Ijyb (D:3)
  Natasha (thrice) (D:2)
  6 iguanas
  5 orc wizards
  9 worker ants
  4 ogre zombies (D:10)
  4 hound skeletons
  Robin (D:2)
  11 adders
  14 gnolls
  4 shadow imps
  2 ufetubi
  An ooze (D:2)
  4 worms
  2 adder skeletons
  A dart slug (D:4)
  8 leopard geckos
  28 orcs
  2 ball pythons
  8 giant cockroaches
  14 goblins
  4 hobgoblins
  15 jackals
  9 kobolds
  3 quokkas
  11 bats
  9 frilled lizards
  2 goblin skeletons (D:10)
  3 goblin zombies (D:10)
  A hobgoblin skeleton (D:10)
  2 hobgoblin zombies (D:10)
  3 orc skeletons (D:10)
  14 orc zombies (D:10)
  A quokka skeleton (D:7)
  11 rats
308 creatures vanquished.

Vanquished Creatures (collateral kills)
  A two-headed ogre (D:10)
  Psyche (D:9)
2 creatures vanquished.

Vanquished Creatures (others)
  A leopard gecko skeleton (D:6)
  16 plants (D:9)
17 creatures vanquished.

Grand Total: 327 creatures vanquished

Notes
Turn   | Place    | Note
-------+----------+-------------------------------------------
     0 | D:1      | Zeld the Octopode Gladiator began the quest for the Orb.
     0 | D:1      | Reached XP level 1. HP: 14/14 MP: 1/1
   184 | D:1      | Reached XP level 2. HP: 7/19 MP: 2/2
   773 | D:1      | Reached XP level 3. HP: 3/24 MP: 3/3
  2011 | D:2      | Reached XP level 4. HP: 29/29 MP: 4/4
  2430 | D:2      | Noticed Natasha
  2437 | D:2      | Killed Natasha
  2634 | D:2      | Found an opulent altar of Gozag.
  3084 | D:2      | Reached XP level 5. HP: 20/34 MP: 5/5
  3359 | D:2      | Noticed Natasha
  3361 | D:2      | Killed Natasha
  3371 | D:2      | Noticed Natasha
  3378 | D:2      | Killed Natasha
  3770 | D:2      | Reached skill level 5 in Staves
  3774 | D:2      | Reached XP level 6. HP: 33/39 MP: 6/6
  4372 | D:2      | Noticed Robin
  4379 | D:2      | Killed Robin
  4602 | D:3      | Found a sparkling altar of Nemelex Xobeh.
  4979 | D:3      | Noticed Ijyb
  4989 | D:3      | Killed Ijyb
  5233 | D:3      | Reached skill level 5 in Throwing
  5923 | D:4      | Reached XP level 7. HP: 39/45 MP: 7/7
  7048 | D:5      | Entered Level 5 of the Dungeon
  7076 | D:5      | Reached XP level 8. HP: 31/50 MP: 8/8
  9243 | D:6      | Reached XP level 9. HP: 54/54 MP: 9/9
  9686 | D:7      | Found a staircase to the Ecumenical Temple.
  9692 | Temple   | Entered the Ecumenical Temple
  9717 | Temple   | Became a worshipper of the Wu Jian Council
 10542 | D:7      | Found Punyes's General Store.
 10554 | D:7      | Bought a potion of might for 48 gold pieces
 10554 | D:7      | Bought a scroll of holy word for 90 gold pieces
 10554 | D:7      | Bought a scroll of teleportation for 36 gold pieces
 10554 | D:7      | Bought a scroll of enchant armour for 90 gold pieces
 10554 | D:7      | Bought a scroll of enchant armour for 90 gold pieces
 10554 | D:7      | Bought 7 boomerangs for 42 gold pieces
 10819 | D:7      | Found a broken altar of Ashenzari.
 11074 | D:8      | Noticed Prince Ribbit
 11074 | D:8      | Noticed a two-headed ogre
 11126 | D:7      | Killed a two-headed ogre
 11255 | D:8      | Killed Prince Ribbit
 11256 | D:8      | Reached skill level 10 in Staves
 12275 | D:8      | Noticed a hornet
 12393 | D:8      | Killed a hornet
 12394 | D:8      | Reached skill level 10 in Throwing
 12394 | D:8      | Reached XP level 10. HP: 46/60 MP: 10/10
 13259 | D:8      | Noticed Grum
 14492 | D:8      | Killed Grum
 15164 | D:9      | Noticed Psyche
 15170 | D:9      | Reached * piety under Wu Jian
 15173 | D:9      | Killed Psyche
 15626 | D:9      | Noticed Joseph
 15638 | D:9      | Killed Joseph
 15700 | D:9      | Found a shimmering blue altar of Sif Muna.
 15712 | D:9      | Noticed a two-headed ogre
 15752 | D:9      | Killed a two-headed ogre
 15949 | D:9      | Found a burning altar of Makhleb.
 15949 | D:9      | Found a radiant altar of Vehumet.
 15972 | D:9      | Found a bloodstained altar of Trog.
 16287 | D:9      | Found a bloodstained altar of Trog.
 16299 | D:9      | Reached XP level 11. HP: 64/64 MP: 0/11
 16421 | D:9      | Found a shimmering blue altar of Sif Muna.
 16578 | D:9      | Found a radiant altar of Vehumet.
 16579 | D:9      | Found a burning altar of Makhleb.
 16993 | D:10     | Entered Level 10 of the Dungeon
 17140 | D:10     | Noticed a two-headed ogre
 17183 | D:10     | Killed a two-headed ogre
 17264 | D:10     | Found a staircase to the Lair.
 17951 | D:10     | Found a staircase to the Orcish Mines.
 17960 | D:10     | Reached ** piety under Wu Jian
 19454 | D:11     | Noticed a cyan ugly thing
 19454 | D:11     | Noticed a five-headed hydra
 20044 | D:11     | Noticed a two-headed ogre
 20470 | D:10     | Killed a two-headed ogre
 21679 | D:11     | Identified the cursed +3 trident of Olul Bun {vorpal, rF+
                  | Int+7}
 21771 | D:11     | Reached *** piety under Wu Jian
 21821 | D:11     | Noticed a green ugly thing
 21826 | D:10     | Mangled by a cyan ugly thing

Illustrated notes

Levels and vault maps discovered:
D:1:      minmay_arrival_solitary_statue, layout_basic,
          minmay_misc_feat_encased, minmay_octomino_c4
D:2:      layout_loops_corners, nicolae_gozag_cash_rules_everything_around_me,
          uniq_robin, uniq_natasha
D:3:      layout_basic, lemuel_coloured_pillars_altar, uniq_ijyb
D:4:      layout_basic
D:5:      layout_basic
D:6:      layout_basic, lemuel_old_faithful
D:7:      layout_basic, kennysheep_little_box, minmay_temple_entry_fiery,
          serial_shops, shop
D:8:      layout_loops_corners, minivault_14, uniq_prince_ribbit1, uniq_grum
D:9:      layout_roguey, grunt_temple_overflow_lords_of_destruction,
          lemuel_doored_altar, serial_bayou, serial_bayou_lagoon_b,
          serial_bayou_lagoon_a, serial_bayou_pond_e, serial_bayou_shore_a,
          serial_bayou_pond_d, trog_eyes_of_draining, uniq_joseph, uniq_psyche
D:10:     layout_gridville, lair_entry_dummy, zombieorc2_lemuel
D:11:     layout_layer_cave, serial_shops, shop
Temple:   eino_temple_scatter_basement

Skill      XL: |  1  2  3  4  5  6  7  8  9 10 11 |
---------------+----------------------------------+-----
Throwing       | 3 4 5 6 8 10 11 12 | 12.6
Staves         | 4 5 6 8 10 11 12 | 12.8
Fighting       | |  2.0
Dodging        | |  3.0

Action                   |  1- 3 |  4- 6 |  7- 9 | 10-12 || total
-------------------------+-------+-------+-------+-------++-------
Melee: Quarterstaff      |    68 |   136 |   216 |   351 ||   771
       Constrict         |    19 |    33 |    47 |    46 ||   145
       Tentacles         |     9 |    30 |    60 |    96 ||   195
Throw: Dart              |       |       |    13 |    35 ||    48
       Boomerang         |       |       |     3 |       ||     3
       Throwing net      |       |       |       |     2 ||     2
Invok: Lunge             |       |       |     7 |    27 ||    34
       Whirlwind         |       |       |       |     4 ||     4
Evoke: Wand              |       |       |     1 |    13 ||    14
       Box of beasts     |       |       |       |     1 ||     1
  Use: Scroll            |       |       |    20 |    13 ||    33
       Potion            |       |       |       |     8 ||     8
 Stab: Sleeping          |     4 |     3 |    12 |     9 ||    28
       Distracted        |       |       |       |     2 ||     2
       Held in net/web   |       |       |       |     1 ||     1
Armor: Skin              |     4 |    10 |     9 |    22 ||    45
Dodge: Dodged            |    50 |    87 |    98 |   148 ||   383
Block: Other             |       |       |    30 |    58 ||    88
       Reflection        |       |       |     2 |     4 ||     6
